Map: 死亡光环-天梯版

Players

JoliwaLoves - Winner!

  • Race: Protoss Protoss

DPGEnchant (EnChant)

  • Race: Protoss Protoss
  • League: Master

Event: DreamHack SC2 Masters 2020 Winter

VOD

Have the link to the VOD?

Description

Time

  • Played on: Oct. 16, 2020, 8:23 a.m.
  • Length: 7:50

All games in this series

Show
View Real Time Build Order
Export as new Build Order

JoliwaLoves Protoss - Winner!

Build Orders:  

Get SALT Encoding   

  12  0:00  Probe  
  13  0:12  Probe  
  14  0:17  Pylon  
  14  0:24  Probe  
  15  0:35  Gateway  
  15  0:37  Probe (Chrono Boost)  
  16  0:47  Assimilator, Probe (Chrono Boost)  
  17  0:51  Probe (Chrono Boost)  
  17  0:55  Assimilator  
  18  1:03  Probe (Chrono Boost)  
  19  1:07  Gateway  
  19  1:13  Probe (Chrono Boost)  
  19  1:18  Probe (Chrono Boost)  
  20  1:22  Cybernetics Core  
  21  1:30  Probe  
  22  1:33  Pylon  
  22  1:42  Probe  
  23  1:54  Probe  
  24  1:59  Warp Gate, Adept x2  
  28  2:16  Pylon  
  28  2:27  Pylon  
  28  2:29  Stalker  
  30  2:34  Stalker  
  32  2:59  Sentry  
  32  3:00  Nexus  
  32  3:04  Pylon, Sentry  
  36  3:27  Shield Battery  
  36  3:29  Probe  
  37  3:45  Twilight Council, Probe  
  37  3:47  Stalker x2  
  42  3:54  Robotics Facility  
  42  3:57  Probe  
  44  4:10  Stalker, Probe (Chrono Boost)  
  44  4:12  Stalker  
  44  4:13  Probe (Chrono Boost)  
  49  4:20  Phoenix  
  49  4:21  Pylon  
  49  4:27  Probe x2 (Chrono Boost)  
  48  4:39  Probe x2  
  46  4:47  Blink (Chrono Boost)  
  46  4:49  Observer  
  46  4:51  Probe x2  
  49  4:57  Gateway  
  49  5:03  Probe x2  
  49  5:05  Stalker  
  49  5:06  Stalker  
  50  5:15  Probe (Chrono Boost)  
  50  5:16  Probe (Chrono Boost)  
  50  5:27  Probe (Chrono Boost)  
  50  5:28  Probe (Chrono Boost)  
  55  5:36  Observer, Probe x2 (Chrono Boost)  
  55  5:42  Probe x2  
  55  5:43  Stalker  
  55  5:44  Stalker  
  55  5:48  Pylon  
  61  5:54  Probe  
  62  6:06  Probe  
  62  6:11  Warp Prism  
  63  6:14  Phoenix  
  63  6:18  Assimilator  
  65  6:19  Stalker x2  
  65  6:21  Gateway  
  65  6:22  Pylon  
  69  6:34  Probe  
  69  6:36  Probe  
  70  6:44  Stalker x3  
  76  6:47  Probe  
  76  6:48  Probe  
  78  7:08  Nexus  
  78  7:09  Pylon  
  78  7:11  Pylon  
  78  7:15  Forge  
  78  7:26  Stalker x2  
  76  7:31  Stalker x2  
Show
View Real Time Build Order
Export as new Build Order

DPGEnchant Protoss 

Build Orders: Dark Templar Rush 

Get SALT Encoding   

  12  0:00  Probe  
  13  0:12  Probe  
  14  0:17  Pylon  
  14  0:25  Probe (Chrono Boost)  
  15  0:37  Gateway, Probe (Chrono Boost)  
  16  0:44  Probe (Chrono Boost)  
  16  0:48  Assimilator  
  17  0:51  Probe  
  17  0:54  Assimilator  
  18  1:03  Probe (Chrono Boost)  
  19  1:08  Gateway  
  19  1:15  Probe (Chrono Boost)  
  20  1:23  Probe (Chrono Boost)  
  21  1:27  Cybernetics Core  
  21  1:29  Probe  
  22  1:35  Pylon  
  22  1:41  Probe  
  23  1:55  Probe  
  24  2:05  Stalker x2, Warp Gate  
  28  2:12  Pylon  
  28  2:21  Pylon  
  28  2:31  Twilight Council  
  28  2:35  Stalker  
  30  2:39  Stalker  
  32  3:03  Pylon  
  32  3:05  Shield Battery  
  32  3:11  Dark Shrine  
  32  3:14  Shield Battery  
  32  3:19  Adept x2  
  36  3:27  Shield Battery  
  36  3:55  Nexus  
  36  3:57  Shield Battery  
  36  4:03  Robotics Facility  
  36  4:08  Probe  
  37  4:20  Probe  
  36  4:31  Dark Templar x2  
  36  4:34  Probe  
  39  4:43  Blink (Chrono Boost)  
  37  4:46  Probe (Chrono Boost)  
  38  4:57  Probe (Chrono Boost)  
  39  5:02  Probe (Chrono Boost)  
  39  5:15  Probe (Chrono Boost)  
  39  5:16  Probe (Chrono Boost)  
  38  5:27  Forge, Probe (Chrono Boost)  
  40  5:29  Probe (Chrono Boost), Sentry  
  40  5:30  Stalker  
  40  5:34  Probe (Chrono Boost)  
  45  5:37  Probe (Chrono Boost)  
  45  5:38  Observer  
  48  5:44  Probe (Chrono Boost)  
  48  5:45  Probe (Chrono Boost)  
  49  5:51  Probe  
  49  5:54  Probe  
  49  5:56  Stalker  
  53  6:03  Nexus  
  53  6:07  Stalker  
  54  6:18  Probe  
  54  6:19  Probe  
  54  6:21  Assimilator  
  54  6:22  Pylon  
  54  6:23  Gateway  
  56  6:28  Gateway  
  56  6:31  Stalker x2  
  60  6:39  Probe x2  
  62  6:47  Nexus  
  62  6:49  Pylon  
  62  6:55  Stalker x2  
  62  6:56  Probe x2  
  68  7:03  Warp Prism  
  70  7:08  Probe  
  70  7:09  Probe  
  72  7:19  Pylon  
  72  7:22  Pylon  
  72  7:23  Stalker x2  
  72  7:27  Stalker  
  72  7:32  Stalker  
Tags
 
Add a new tag
Caveats
  • Supply blocks, unpowered buildings, or Contaminate may cause inaccurate times.
  • Supply counts are checked every 10 seconds.